Cogmind - Beta 14 @@@ ROGUE MODE // 2024.09.18 @ 18:07:59 Player: BionicBot Result: Destroyed by Y-45 Defender with Heavy Assault Rifle Performance ------------- Evolutions (1) 500 Regions Visited (3) 600 Robots Destroyed (20) 100 Value Destroyed (569) 569 Prototype IDs (0) 0 Alien Tech Used (0) 0 Bonus (0) 0 TOTAL SCORE: 1769 Bonus ------- None Cogmind --------- Core Integrity 0/400 Matter 295/300 Energy 99/100 System Corruption 0% Temperature Cool (0) Movement Core (50) Location -9/Storage Parts ------- > --- POWER (1) -------- (None) > --- PROPULSION (4) --- (None) > --- UTILITY (2) ------ (None) > --- WEAPON (2) ------- (None) > --- INVENTORY (5) ---- Aluminum Leg Medium Storage Unit Large Storage Unit Datajack Peak State ------------ > --- POWER ------------ Ion Engine > --- PROPULSION ------- Aluminum Leg Aluminum Leg Aluminum Leg Aluminum Leg > --- UTILITY ---------- Medium Storage Unit Seismic Detector > --- WEAPON ----------- Small Laser Grenade Launcher > --- INVENTORY -------- Aluminum Leg Aluminum Leg Large Storage Unit EM Pulse Gun Light Assault Rifle Datajack Hammer [Rating: 9] Favorites ----------- Power Ion Engine Engine Ion Engine Propulsion Aluminum Leg Leg Aluminum Leg Utility Seismic Detector Device Seismic Detector Storage Large Storage Unit Protection Light Armor Plating Weapon Small Laser Energy Gun Small Laser Ballistic Gun Light Assault Rifle Launcher Grenade Launcher Impact Weapon Hammer Build | -11 -10 -9 -9 ------- Run | Yrd Mat Mat Sto Slots Evolved 2 | . . 2 . Power . | . . . . Propulsion 2 | . . 2 . Utility . | . . . . Weapon . | . . . . Parts Attached 25 | 7 5 6 7 Power 3 | 1 1 . 1 Engine 3 | 1 1 . 1 Core . | . . . . Reactor . | . . . . Propulsion 7 | 2 1 4 . Treads . | . . . . Leg 7 | 2 1 4 . Wheel . | . . . . Hover . | . . . . Flight . | . . . . Utility 7 | 2 2 1 2 Device 2 | 1 1 . . Storage 3 | 1 1 1 . Processor . | . . . . Hackware . | . . . . Protection 2 | . . . 2 Artifact . | . . . . Weapon 8 | 2 1 1 4 Energy Gun 3 | 1 . . 2 Energy Cannon . | . . . . Ballistic Gun 1 | 1 . . . Ballistic Cannon . | . . . . Launcher 3 | . 1 . 2 Special Weapon . | . . . . Impact Weapon 1 | . . 1 . Slashing Weapon . | . . . . Piercing Weapon . | . . . . Special Melee Weapon . | . . . . Unidentified Prototypes . | . . . . Parts Lost 15 | . 1 1 13 Power 3 | . 1 . 2 Propulsion 5 | . . 1 4 Utility 3 | . . . 3 Weapon 4 | . . . 4 Highest Loss Streak 10 | . 1 1 10 To Critical Strikes . | . . . . Average Slot Usage (%) 86 | . 99 87 57 Engine 11 | . 13 11 6 Leg 30 | . 28 42 23 Device 10 | . 14 11 2 Storage 12 | . 14 11 9 Protection 1 | . . . 4 Energy Gun 7 | . 14 . . Ballistic Gun 6 | . 11 . . Launcher 1 | . 2 . . Impact Weapon 4 | . . 10 8 Peak Build Rating 9 | 7 7 9 8 Average Rating 6 | 5 6 7 5 On Entrance 5 | . 7 7 8 Naked Turns 30 | . . . 30 Heaviest Build 30 | 11 20 28 30 Greatest Support 40 | 20 20 40 40 Greatest Overweight (x) 8 | . . . 8 Average Overweight (x) . | . . . . Largest Inventory Capacity 15 | 8 10 15 15 Average Capacity 11 | 7 9 14 13 Most Carried 10 | 2 9 10 9 Average Carried 5 | 1 5 8 6 Final Capacity 15 | 8 10 15 5 Final Carried 9 | 2 9 8 4 Class Distribution -------------------- 95% | Mutant 4% | Scavenger-Mutant Dominant Class ---------------- Mutant | -10/Materials Mutant | -9/Materials Mutant | -9/Storage Resources | -11 -10 -9 -9 ----------- Run | Yrd Mat Mat Sto Matter Collected 482 | 273 90 74 45 Remotely . | . . . . Salvage Created 618 | 16 227 202 173 Parts 41 | 4 20 13 4 Haulers Intercepted 1 | . 1 . . Recyclers Shooed . | . . . . Parts Field Recycled . | . . . . Retrieved Matter . | . . . . Parts Self-Destructed . | . . . . Prevented . | . . . . Kills | -11 -10 -9 -9 ------- Run | Yrd Mat Mat Sto Combat Hostiles Destroyed 18 | . 9 5 4 Melee 7 | . . 5 2 Guns 6 | . 6 . . AOE 3 | . 3 . . Classes Destroyed 5 | 1 3 1 . Tunneler 1 | 1 . . . Hauler 1 | . 1 . . Swarmer 6 | . 6 . . Grunt 9 | . 3 3 3 Sentry 3 | . . 2 1 Best Kill Streak 3 | 1 3 2 3 Combat Bots Only 3 | . 3 2 3 Max Kills in Single Turn 3 | 1 3 1 1 Gunslinging . | . . . . Exploded 3 | . 3 . . Melee 1 | . . 1 1 Uniques/NPCs Destroyed . | . . . . Combat | -11 -10 -9 -9 -------- Run | Yrd Mat Mat Sto Hostile Shots Fired 196 | . 41 52 103 Missed 54 | . 12 10 32 Damage Taken 1883 | . 404 523 956 Core 502 | . 102 120 280 Absorbed by Shields . | . . . . Core Remaining (%) 79 | 100 59 . . Volleys Fired 52 | 3 41 . 8 Largest 2 | 2 2 . 2 Hottest 80 | 60 60 . 80 Shots Fired 97 | 6 80 . 11 Gun 94 | 6 78 . 10 Cannon . | . . . . Launcher 3 | . 2 . 1 Special . | . . . . Kinetic 42 | 3 39 . . Thermal 49 | 3 39 . 7 Explosive 3 | . 2 . 1 Electromagnetic 3 | . . . 3 Robot Hit Streak 12 | 2 12 . 8 Robot Miss Streak 3 | 1 3 . 1 Penetration Max . | . . . . Secondary Targets 1 | . 1 . . Max Gunslinging Chain 1 | . 1 . . Shots Hit Robots 101 | 3 50 18 30 Core Hits 30 | 1 18 5 6 Critical Kills 5 | . . 3 2 Critical Parts Destroyed 3 | . . . 3 Critical Strikes 9 | . . 4 5 Smash 9 | . . 4 5 Melee Attacks 54 | . . 28 26 Impact 54 | . . 28 26 Slashing . | . . . . Piercing . | . . . . Sneak Attacks . | . . . . Combat Hostiles . | . . . . Follow-up Attacks . | . . . . Damage Inflicted 1654 | 31 588 414 621 Guns 585 | 31 450 . 104 Cannons . | . . . . Explosions 181 | . 138 . 43 Melee 888 | . . 414 474 Ramming . | . . . . Kinetic 250 | 19 231 . . Thermal 296 | 12 219 . 65 Explosive 181 | . 138 . 43 Electromagnetic 39 | . . . 39 Impact 888 | . . 414 474 Slashing . | . . . . Piercing . | . . . . Highest Corruption . | . . . . Average Corruption . | . . . . Corruption Purged . | . . . . Corruption Blocked . | . . . . Overload Shots . | . . . . Overflow Damage 120 | . 5 27 88 Projectiles . | . . . . Explosions 5 | . 5 . . Melee 115 | . . 27 88 Knockbacks . | . . . . Impact . | . . . . Kinetic . | . . . . Secondary . | . . . . Self-Inflicted Damage 78 | . 43 . 35 Shots 2 | . 1 . 1 Rammed . | . . . . Targets Rammed . | . . . . Kicked . | . . . . Crushed . | . . . . Highest Temperature 103 | 20 103 . 32 Average Temperature 30 | 13 33 . 19 Received Heat Transfer 762 | . 93 234 435 Siege Activations . | . . . . Robots Corrupted 2 | . . . 2 Combat Hostiles 2 | . . . 2 Parts Fried 1 | . . . 1 Impact Corruptions 6 | . . 1 5 Robots Melted . | . . . . Combat Hostiles . | . . . . Parts Melted 1 | . 1 . . Heat Transferred 675 | 25 500 . 150 Parts Sabotaged . | . . . . Parts Stolen . | . . . . Parts Stripped . | . . . . Power Chain Reactions . | . . . . Alert | -11 -10 -9 -9 ------- Run | Yrd Mat Mat Sto Peak Influence 267 | 5 189 237 267 Initial 100 | . 3 79 100 Average 105 | 2 81 152 145 Maximum Alert Level 1 | . . 1 1 Low Security (%) 91 | 100 100 73 87 Level 1 8 | . . 26 12 Level 2 . | . . . . Level 3 . | . . . . Level 4 . | . . . . Level 5 . | . . . . High Security . | . . . . Max Security . | . . . . Squads Dispatched 5 | . 2 1 2 Investigation 2 | . 1 1 . Extermination . | . . . . Reinforcement 3 | . 1 . 2 Assault . | . . . . Garrison . | . . . . Intercept . | . . . . Searches Triggered . | . . . . Construction Impeded . | . . . . Haulers Reinforced . | . . . . Active Scanning Responses . | . . . . Cargo Convoy Interrupts . | . . . . Stealth | -11 -10 -9 -9 --------- Run | Yrd Mat Mat Sto Distress Signals 4 | . 1 . 3 Communications Jammed . | . . . . Distress Signals . | . . . . Times Spotted 39 | . 18 5 16 Peak Tracking Total 7 | . 4 2 7 Tactical Retreats 3 | . 1 . 2 Traps | -11 -10 -9 -9 ------- Run | Yrd Mat Mat Sto Traps Triggered 3 | . 2 1 . Indirectly . | . . . . Trap Hack Attempts . | . . . . Triggered . | . . . . Disarmed . | . . . . Reprogrammed . | . . . . Reused . | . . . . Traps Extracted . | . . . . Installed . | . . . . Triggered . | . . . . Machines | -11 -10 -9 -9 ---------- Run | Yrd Mat Mat Sto Machines Disabled 2 | . 1 . 1 Max in Single Turn 1 | . 1 . 1 Machines Repaired . | . . . . Machines Dismantled . | . . . . Machines Sabotaged . | . . . . Overloaded Fab Kills . | . . . . Hacking | -11 -10 -9 -9 --------- Run | Yrd Mat Mat Sto Machines Accessed 5 | . 3 2 . Terminals 5 | . 3 2 . Fabricators . | . . . . Repair Stations . | . . . . Recycling Units . | . . . . Scanalyzers . | . . . . Garrison Access . | . . . . Total Hacks 12 | . 6 6 . Successful 5 | . 3 2 . Failed 7 | . 3 4 . Catastrophic . | . . . . Database Lockouts . | . . . . Manual 12 | . 6 6 . Terminals 12 | . 6 6 . Fabricators . | . . . . Repair Stations . | . . . . Recycling Units . | . . . . Scanalyzers . | . . . . Garrison Access . | . . . . Terminal Hacks 1 | . . 1 . Branch Access Points 1 | . . 1 . Fabricator Hacks . | . . . . Repair Station Hacks . | . . . . Recycling Unit Hacks . | . . . . Scanalyzer . | . . . . Garrison Access Hacks . | . . . . Unauthorized Hacks 4 | . 3 1 . Terminals 4 | . 3 1 . Botnet 4 | . 3 1 . Fabricators . | . . . . Repair Stations . | . . . . Recycling Units . | . . . . Scanalyzers . | . . . . Garrison Access . | . . . . Data Cores Recovered . | . . . . Used . | . . . . Hacking Detections 5 | . 3 2 . Full Trace Events . | . . . . Feedback Events . | . . . . Feedback Blocked . | . . . . Robot Schematics Acquired . | . . . . Robots Built . | . . . . Authchips . | . . . . Time . | . . . . Total Robot Build Rating . | . . . . Part Schematics Acquired . | . . . . Parts Built . | . . . . Authchips . | . . . . Time . | . . . . Total Part Build Rating . | . . . . Parts Repaired . | . . . . Time . | . . . . Parts Recycled . | . . . . Recycled Matter . | . . . . Retrieved Matter . | . . . . Retrieved Components . | . . . . Parts Scanalyzed . | . . . . Part Schematics Acquired . | . . . . Parts Damaged . | . . . . Bothacking | -11 -10 -9 -9 ------------ Run | Yrd Mat Mat Sto Used RIF Installer . | . . . . Robots Hacked . | . . . . Non-combat . | . . . . Combat . | . . . . Robot Hacks Applied . | . . . . Relay Couplers Released . | . . . . Fabnet Peak Effective % . | . . . . Robots Rewired . | . . . . Allies Hacked . | . . . . Hacks Repelled . | . . . . Allies | -11 -10 -9 -9 -------- Run | Yrd Mat Mat Sto Total Allies . | . . . . Largest Group . | . . . . Highest-Rated Group . | . . . . Highest-Rated Ally . | . . . . Total Orders . | . . . . Ally Attacks . | . . . . Total Damage . | . . . . Kills . | . . . . Allies Corrupted . | . . . . Allies Melted . | . . . . Intel | -11 -10 -9 -9 ------- Run | Yrd Mat Mat Sto Robot Analysis Total . | . . . . Derelict Logs Recovered . | . . . . Drone Launches . | . . . . Drone Recoveries . | . . . . Exploration | -11 -10 -9 -9 ------------- Run | Yrd Mat Mat Sto Turns Passed 1275 | 84 636 268 287 Spaces Moved 774 | 55 413 130 176 Core 67 | 3 . . 64 Treads . | . . . . Legs 707 | 52 413 130 112 Wheels . | . . . . Hover . | . . . . Flight . | . . . . Fastest Speed 50 | 50 120 120 50 Average Speed 116 | 116 120 120 105 Slowest Speed 450 | 120 120 120 450 Overloaded Moves . | . . . . Propulsion Burnouts . | . . . . Robots Hopped . | . . . . Cave-ins Triggered . | . . . . Exploration Rate (%) 32 | 4 75 17 34 Regions Visited 3 Branch Regions 1 Pre-discovered Areas . | . . . . Known Exits Taken 1 | . . 1 . Unknown Exits Taken 2 | 1 1 . . Scrap Searched . | . . . . Spaces Dug . | . . . . Terrain Destroyed 13 | . 7 . 6 Melee . | . . . . Projectile . | . . . . AOE 13 | . 7 . 6 Terrain Rammed . | . . . . Walls Destroyed . | . . . . Machines Disabled . | . . . . Actions | -11 -10 -9 -9 --------- Run | Yrd Mat Mat Sto Total 961 | 66 480 193 222 Wait 36 | . 11 23 2 Move 771 | 54 412 129 176 Hop . | . . . . Pick Up 14 | 2 8 3 1 Fast Attach 7 | 7 . . . Attach 11 | . 1 3 7 Detach 3 | . . 1 2 Swap 7 | . 4 3 . Drop 6 | . 3 3 . Fire 52 | 3 41 . 8 Melee 54 | . . 28 26 Ram . | . . . . Kick . | . . . . Crush . | . . . . Escape Stasis . | . . . . Rewire . | . . . . Trap . | . . . . Miscellaneous . | . . . . Route ------- -11/Scrapyard -10/Materials (discovered 3 exits: *Mat x3) -9/Materials (discovered 2 exits: Min / *Sto) -9/Storage History --------- Turn | Location | Event 33 | -11/Scrapyard | Discovered new exit (range 16) 85 | -11/Scrapyard | Entered Materials 302 | -10/Materials | Discovered new exit (range 3) 314 | -10/Materials | Build established: Mutant 485 | -10/Materials | Discovered new exit (range 14) 685 | -10/Materials | Derelicts attacked the area 716 | -10/Materials | Discovered new exit (range 5) 721 | -10/Materials | Entered another Materials area 721 | -9/Materials | Evolved 2 slots: Propulsion x2 879 | -9/Materials | Identified exit to Mines 879 | -9/Materials | Identified exit to Storage 989 | -9/Materials | Entered Storage 1086 | -9/Storage | Lost 3 parts (1p1n1u) 1220 | -9/Storage | Core integrity fell below 50% 1241 | -9/Storage | Core integrity fell below 20% 1273 | -9/Storage | Lost 10 parts (1p3n2u4w) 1276 | -9/Storage | Destroyed by Y-45 Defender with Heavy Assault Rifle Last Messages --------------- 01196_ G-47 Trooper suffers critical hit (Smash). 01196_ Destroyed Lgt. Nuclear Core. 01196_ G-47 Trooper system corrupted by crushing effect. 01196_ Aluminum Leg destroyed. 01197_ G-47 Trooper system terminally corrupted. 01197_ Imp. Heat Sink fried. 01199_ G-34 Mercenary suffers critical hit (Smash). 01199_ G-34 Mercenary destroyed. 01202_ Acquired 15 matter. 01210_ Lgt. Armor Plating destroyed. 01211_ R-06 Scavenger collects Heat Sink. 01215_ R-06 Scavenger collects Aluminum Leg. 01218_ Hammer destroyed. 01221_ Acquired 10 matter. 01231_ EM Pulse Gun destroyed. 01237_ Sml. Laser destroyed. 01238_ G-34 Mercenary destroyed. 01240_ Acquired 10 matter. 01242_ Grenade Launcher destroyed. 01245_ U-05 Engineer builds a Wall. Map ----- +----------------------------------------------------+ | | | | | | | | | | | | | | | ?????????????????????????????????????????????? | | ?????????????????????????????????????????????? | | ?????????????????????????????????????????????? | | ???????????????????? ????????????????????????? | | ???????????????????? ????????????????????????? | | ??????????????????? ????????????????????????? | | ??????????????????? ????????????????????????? | | ???????????????????? ????????????????????????? | | ???????????????????? ????????????????????????? | | ????????????????????a###?????????????????????? | | ???????????????????? #?????????????????????? | | ???????????????????? #?????????????????????? | | ????????????????????# #?????????????????????? | | ????????????????????# #?????????????????????? | | ????????????????????# +?????????????????????? | | ????????????????????#g #?????????????????????? | | ???????????????????## ##????????????????????? | | ???????????????????# ######### ##?????????? | | ???????????????????+ @ ???????? | | ???????????????????# Y ???????? | | ???????????????????# #####+####???????????? | | ???####????????????## ###????????????????????? | | ???! ?????????????# #??????????????????????? | | ??? ????+#???????# #??????????????????????? | | ??? ???? #???????# #??????????????????????? | | ??? ???? #???#####+#####??????????????????? | | ??? ???# #???# #??????????????????? | | ???? ???# #???# """" #??????????????????? | | ????#/##### #???# ????"" #??????????????????? | | ????# #???# ????"" #??????????????????? | | ????# ^ #???# "????" #??????????????????? | | ????# """ #???# "???" #??????????????????? | | ????# """ #???# """" #??????????????????? | | ????# """ #???# #??????????????????? | | ????# #########+#####??????????????????? | | ????# #?????????????????????? | | ????# ########+##### #?????????????????????? | | ????# #????? ??# #?????????????????????? | | ????# #????# T# #?????????????????????? | | ????# #????# """ ## #?????????????????????? | | ????# #????# """ ## #?????????????????????? | | ????# #????# """ ## #?????????????????????? | | ????# #????# ## #?????????????????????? | +----------------------------------------------------+ Best States ------------- Heat Dissipation 28 Energy Generation 10 Energy Capacity 250 Matter Stores 300 Matter Capacity 300 Sight Range 16 Terrain Scan Density 10 Armor Coverage 150 Evasion (%) 55 Item Schematics ----------------- None Robot Schematics ------------------ None Fabricated ------------ Nothing Alien Tech Used ----------------- None Achievements -------------- None Challenges ------------ None Game ------ Seed GuidanceZioniteVibroblade Manual? 0 Play Time 00:11:42 Cumulative 124.4 hours Start 2024.09.18 @ 17:58:44 End 2024.09.18 @ 18:07:59 Sessions 1 Manual Loads 0 Difficulty Rogue Special Mode None Game No. 97 Rogue 97 Adventurer 0 Explorer 0 Win Type - Total 5 Types 4/0/1/0/0/0/0/0/0 Lore% 41 Gallery% 52 Achievement% 48 Wizard Run 0 Options --------- Layout 0 ASCII 0 Keyboard 1 Movement Numpad Keybinds 0 Fullscreen 1 Font 18/SmallcapsGlow Map View 76x50 Zoom Use 0% Tactical HUD 1 Map Filters NONE Filters NONE Steam 1 RUN: ac77fa96-b9d1-4a9e-9b7d-21328191c0d3